 Dungeon Crawl Stone Soup version 0.29-a0-732-g3d7fbe0af2 (webtiles) character file.

Game seed: 18314426432922631202

471 frimble the Shooter (level 6, -1/56 HPs)
             Began as a Minotaur Hunter on June 29, 2022.
             Was an Initiate of Okawaru.
             Slain by a gnoll
             ... wielding a +0 halberd
             ... led by a gnoll sergeant
              (11 damage)
             ... on level 5 of the Dungeon.
             The game lasted 00:03:42 (4264 turns).

frimble the Shooter (Minotaur Hunter)               Turns: 4264, Time: 00:03:43

Health: -1/56      AC:  8    Str: 15    XL:     6   Next: 83%
Magic:  5/5        EV: 12    Int:  6    God:    Okawaru [......]
Gold:   228        SH:  0    Dex: 16    Spells: 5/5 levels left

rFire   . . .      SeeInvis .   a - +0 dagger (venom)
rCold   + . .      Faith    .   (no shield)
rNeg    . . .      Spirit   .   m - +3 leather armour
rPois   .          Reflect  .   (helmet restricted)
rElec   .          Harm     .   s - +0 cloak
rCorr   +          Rampage  .   t - +0 pair of gloves
Will    .....                   (no boots)
Stlth   ++........              (no amulet)
HPRegen 0.18/turn               d - ring of resist corrosion
MPRegen 0.09/turn               i - ring of protection from cold

@: studying Evocations
A: horns 2, retaliatory headbutt
a: Renounce Religion


You were on level 5 of the Dungeon.
You worshipped Okawaru.
Okawaru was noncommittal.
You visited 2 branches of the dungeon, and saw 6 of its levels.

You collected 228 gold pieces.

Inventory:

Hand Weapons
 a - a +0 dagger of venom (weapon)
 b - a +0 longbow
Armour
 m - a +3 leather armour (worn)
 s - a +0 cloak (worn)
 t - a +0 pair of gloves (worn)
Jewellery
 d - a ring of resist corrosion (left hand)
 i - a ring of protection from cold (right hand)
Wands
 n - a wand of flame (15)
 x - a wand of paralysis (4)
Scrolls
 c - 2 scrolls of noise {unknown}
 g - a scroll of identify {unknown}
 j - a scroll of immolation
 l - a scroll of teleportation
 o - a scroll of fear {unknown}
 p - a scroll of enchant armour {unknown}
 q - 3 scrolls of fog {unknown}
 u - a scroll of summoning {unknown}
 w - a scroll of poison {unknown}
Potions
 e - 3 potions of ambrosia {unknown}
 f - 3 potions of curing
 h - a potion of magic {unknown}
 k - a potion of heal wounds {unknown}
 r - a potion of brilliance {unknown}
 v - a potion of lignification {unknown}
 z - 2 potions of attraction {unknown}


   Skills:
 + Level 5.3 Fighting
 + Level 3.4 Short Blades
 + Level 6.2 Ranged Weapons
 - Level 2.3 Dodging
 - Level 1.0 Stealth
 + Level 1.2 Invocations
 + Level 1.9 Evocations


You had 5 spell levels left.
You didn't know any spells.
Your spell library contained the following spells:

 Spells                   Type           Power      Damage    Failure   Level
 Ozocubu's Armour         Ice            0%         N/A       88%         3
 Portal Projectile        Hex/Tloc       0%         N/A       88%         3
 Blade Hands              Tmut           0%         N/A       100%        5
 Ozocubu's Refrigeration  Ice            0%         4d5       100%        7
 Tukima's Dance           Hex            Unusable   N/A       N/A         3

Dungeon Overview and Level Annotations

Branches:
Dungeon (5/15)             Temple (1/1) D:4

Altars:
Ashenzari
Cheibriados
Dithmenos
Elyvilon
Fedhas
Hepliaklqana
Kikubaaqudgha
Makhleb
Nemelex Xobeh
Okawaru
Qazlal
Ru
Sif Muna
Trog
Uskayaw
Vehumet
Xom
Yredelemnul
Zin
The Shining One


Innate Abilities, Weirdness & Mutations

You have a pair of horns on your head.
You reflexively headbutt those who attack you in melee.


Message History

The gnoll is moderately wounded.
The gnoll sergeant hits you from afar with a +0 spear.
The gnoll misses you. The gnoll attacks as you move away!
The gnoll closely misses you.
You kill the gnoll!
Okawaru accepts your kill.
Your Invocations skill increases to level 1!
The gnoll sergeant hits you from afar with a +0 spear.
The gnoll barely misses you.
The gnoll sergeant hits you with a +0 spear.
You hit the gnoll sergeant but do no damage.
You headbutt the gnoll sergeant, but do no damage.
The gnoll sergeant is almost dead.
The gnoll misses you.
You hit the gnoll sergeant but do no damage.
The gnoll sergeant is poisoned.
The gnoll sergeant is almost dead.
The gnoll closely misses you.
The gnoll sergeant hits you with a +0 spear.
The gnoll closely misses you.
The gnoll sergeant hits you with a +0 spear!
The gnoll sergeant attacks as you move away!
The gnoll sergeant hits you with a +0 spear.
* * * LOW HITPOINT WARNING * * *
A gnoll opens the door.
The gnoll sergeant misses you.
The gnoll hits you from afar with a +0 halberd.
* * * LOW HITPOINT WARNING * * *
You kill the gnoll sergeant!
Okawaru accepts your kill.
The gnoll hits you from afar with a +0 halberd!
* * * LOW HITPOINT WARNING * * *
Okay, then.
A jelly comes into view.
The jelly misses you. You furiously retaliate!
You headbutt the jelly!
Okay, then.
Unknown command.
It was a potion of curing.
You feel better. The jelly hits you but does no damage.
The gnoll hits you from afar with a +0 halberd!
You die...

#. #. ##. ###
##.. ... ###...
.###.# .......
.... ######[
#####.### #.
#.@Jg.g.# #.
#.###.#.# #+ #.
#.#.#########..
#.
#.#......).#...
#.
#....g.#.#.....
#.
###....#.#.g...
#.
#.......'.....
#.
##>...#.#.....
......#.#.)...


You could see a jelly and 2 gnolls.

Vanquished Creatures
  An ogre (D:5)
  A gnoll sergeant (D:5)
  A necrophage (D:4)
  3 iguanas (D:4)
  4 gnolls
  8 adders
  2 dart slugs
  7 orcs
  6 ball pythons
  5 endoplasms
  A giant cockroach (D:2)
  4 goblins
  10 hobgoblins
  6 kobolds
  2 quokkas
  5 bats
  5 frilled lizards
  5 rats (D:1)
76 creatures vanquished.

Notes
Turn   | Place    | Note
-------+----------+-------------------------------------------
     0 | D:1      | frimble the Minotaur Hunter began the quest for the Orb.
     0 | D:1      | Reached XP level 1. HP: 18/18 MP: 0/0
    74 | D:1      | Reached skill level 1 in Stealth
   120 | D:1      | Reached XP level 2. HP: 25/25 MP: 1/1
   445 | D:1      | Found a faded altar of an unknown god.
   581 | D:2      | Reached XP level 3. HP: 31/31 MP: 2/2
   639 | D:2      | Reached skill level 5 in Ranged Weapons
  1331 | D:2      | Reached skill level 1 in Short Blades
  1331 | D:2      | Reached XP level 4. HP: 40/40 MP: 3/3
  2376 | D:4      | Identified a scroll of acquirement
  2376 | D:4      | Acquired a manual of Evocations
  2391 | D:4      | Reached XP level 5. HP: 46/46 MP: 4/4
  2464 | D:4      | Found a snail-covered altar of Cheibriados.
  2470 | D:4      | Found a glowing silver altar of Zin.
  2491 | D:4      | Found a hide-covered altar of Uskayaw.
  2492 | D:4      | Found an ancient bone altar of Kikubaaqudgha.
  2494 | D:4      | Found a sacrificial altar of Ru.
  2495 | D:4      | Found a blossoming altar of Fedhas.
  2497 | D:4      | Found a white marble altar of Elyvilon.
  2547 | D:4      | Found a shimmering blue altar of Sif Muna.
  2584 | D:4      | Found a staircase to the Ecumenical Temple.
  2600 | Temple   | Entered the Ecumenical Temple
  2895 | Temple   | Became a worshipper of Warmaster Okawaru
  3042 | D:4      | Reached skill level 6 in Ranged Weapons
  3042 | D:4      | Reached XP level 6. HP: 17/55 MP: 5/5
  3352 | D:4      | Reached skill level 5 in Fighting
  3887 | D:5      | Entered Level 5 of the Dungeon
  3983 | D:5      | Reached skill level 1 in Evocations
  4199 | D:5      | Found a sparkling altar of Nemelex Xobeh.
  4244 | D:5      | Reached skill level 1 in Invocations
  4264 | D:5      | Slain by a gnoll

Illustrated notes

Levels and vault maps discovered:
D:1:      lemuel_arrival_muddy, layout_rooms,
          shapermc_ecumenical_altar_mp_highgroup, minmay_pentomino_r2
D:2:      layout_basic
D:3:      layout_loops_ring
D:4:      layout_basic, nicolae_overflow_hallway_of_the_gods,
          minmay_temple_entry_slanted
D:5:      layout_loops_corners, mainiacjoe_overflow_boulevard,
          nemelex_spade_bored_becter, uniq_sigmund
Temple:   minmay_temple_forest_path

Skill      XL: |  1  2  3  4  5  6 |
---------------+-------------------+-----
Stealth        | 1 |  1.0
Fighting       | 3 4 5 |  5.3
Ranged Weapons | 5 6 |  6.2
Short Blades   | 1 2 3 |  3.4
Evocations     | 1 |  1.9
Invocations    | 1 |  1.2
Dodging        | |  2.3

Action                   |  1- 3 |  4- 6 || total
-------------------------+-------+-------++-------
Melee: Dagger            |    24 |    57 ||    81
       Headbutt          |     6 |    12 ||    18
       Punch             |       |     2 ||     2
 Fire: Shortbow          |    65 |       ||    65
       Longbow           |       |    48 ||    48
  Use: Scroll            |     1 |     2 ||     3
       Potion            |       |     1 ||     1
 Stab: Sleeping          |       |     1 ||     1
Armor: Leather armour    |    12 |    26 ||    38
       Ring mail         |     7 |       ||     7
Dodge: Dodged            |    37 |    55 ||    92

Table legend: (Time is in decaauts)
 A = Elapsed time spent in this place.
 B = Non-inter-level travel time spent in this place.
 C = Inter-level travel time spent in this place.
 D = Time resting spent in this place.
 E = Time spent auto-exploring this place.
 F = Levels seen in this place.
 G = Mean time per level.
                   A        B        C        D        E       F      G
               +--------+--------+--------+--------+--------+-----+--------+
         Total |   4295 |   4017 |    278 |      0 |   3428 |   6 |  715.8 |
       Dungeon |   3964 |   3763 |    201 |      0 |   3186 |   5 |  792.8 |
        Temple |    330 |    253 |     77 |      0 |    242 |   1 |  330.0 |
               +--------+--------+--------+--------+--------+-----+--------+

Top non-repeatable levels by time:
     D:4: 1191 daAuts
     D:2: 959 daAuts
     D:3: 840 daAuts
     D:1: 592 daAuts
     D:5: 380 daAuts
  Temple: 330 daAuts
